 Dungeon Crawl Stone Soup version 0.20.1-1-g8b1a95d66d (webtiles) character file.

158 Jerry the Ducker (level 5, -11/38 HPs)
             Began as a Merfolk Gladiator on Nov 14, 2017.
             Mangled by an orc wizard
             ... wielding a +1 dagger of electrocution
              (19 damage)
             ... on level 3 of the Dungeon.
             The game lasted 00:06:42 (2328 turns).

Jerry the Ducker (Merfolk Gladiator)                Turns: 2328, Time: 00:06:42

Health: -11/38     AC:  7    Str: 16    XL:     5   Next: 39%
Magic:  5/5        EV: 13    Int:  7    God:
Gold:   185        SH:  0    Dex: 15    Spells: 4/4 levels left

rFire    . . .     SeeInvis .   a - +0 long sword
rCold    . . .     Gourm    .   (no shield)
rNeg     . . .     Faith    .   e - +0 ring mail
rPois    .         Spirit   .   c - +0 helmet
rElec    .         Reflect  .   (no cloak)
rCorr    .         Harm     .   s - +0 pair of gloves
MR       .....                  (no boots)
Stlth    +.........             (no amulet)
Regen    0.2/turn               (no ring)
MPRegen  0.1/turn               (no ring)

@: no status effects
A: change form in water, swift swim, stealthy swim
a: no special abilities


You were on level 3 of the Dungeon.
You were not hungry.

You visited 1 branch of the dungeon, and saw 3 of its levels.

You collected 185 gold pieces.

Inventory:

Hand Weapons
 a - a +0 long sword (weapon)
Missiles
 d - 3 throwing nets (quivered)
 o - 6 curare-tipped needles
Armour
 c - a +0 helmet (worn)
 e - a +0 ring mail (worn)
 k - a +0 chain mail
 s - a +0 pair of gloves (worn)
Scrolls
 b - 3 scrolls of teleportation {unknown}
 g - a scroll of noise {unknown}
 h - a scroll of amnesia {unknown}
 i - 3 scrolls of identify {unknown}
 m - a scroll of fear {unknown}
 n - a scroll of magic mapping {unknown}
 p - 2 scrolls of remove curse {unknown}
 r - a scroll of recharging {unknown}
Potions
 j - a potion of curing
Comestibles
 f - 6 bread rations
 l - a royal jelly
 q - 11 chunks of flesh


   Skills:
 - Level 2.2 Fighting
 * Level 5.0 Long Blades
 - Level 2.0 Throwing
 + Level 1.6 Armour
 + Level 5.2 Dodging


You had 4 spell levels left.
You didn't know any spells.

Dungeon Overview and Level Annotations

Branches:
Dungeon (3/15)

Altars:
Hepliaklqana


Message History

You start waiting.
Something hits you.
You are electrocuted!
You miss something.
You hear some strange, mumbled words.
A puff of flame appears from out of thin air!
The puff of flame hits you!
You miss something. Something barely misses you.
You closely miss something.
You hear some strange, mumbled words.
A puff of flame appears from out of thin air!
The puff of flame misses you.
You barely miss something. Something hits you but does no damage.
You are electrocuted!
Ouch! That really hurt!
* * * LOW HITPOINT WARNING * * *
You miss something. Something hits you but does no damage.
It was a potion of curing.
You feel better. Something completely misses you.
You hit something. Something hits you but does no damage.
You are electrocuted!
Ouch! That really hurt!
You die...

.{. #...........# . ##..........#
#.....#####.# #...### #.#########
#.#.## #.#.......# #.#[.#
#.#.......# #.##)#
#.#.......######
####.##.######.#.......##...#
............@{.#......##.....
####.##..##..).'......#_..... #.
##.####..#......##.....
#.###.####..#.<)...>##...#
#.##........#.).....######
########.##...###..#.##+#####....
#......#.##........#.##+#####.###
#......#.##........#.......##.###
#......#.##........#.......##....


There were no monsters in sight!

Vanquished Creatures
  A hound (D:2)
  4 adders (D:2)
  A worm (D:3)
  2 dart slugs (D:3)
  4 leopard geckos
  11 orcs
  4 giant cockroaches
  5 goblins
  4 hobgoblins
  4 jackals
  6 kobolds
  3 quokkas
  10 bats
  5 frilled lizards
  4 rats
68 creatures vanquished.

Notes
Turn   | Place    | Note
-------+----------+-------------------------------------------
     0 | D:1      | Jerry the Merfolk Gladiator began the quest for the Orb.
     0 | D:1      | Reached XP level 1. HP: 16/16 MP: 1/1
   211 | D:1      | Reached XP level 2. HP: 13/22 MP: 2/2
   759 | D:2      | Reached XP level 3. HP: 27/27 MP: 3/3
  1252 | D:2      | Reached skill level 1 in Armour
  1252 | D:2      | Reached XP level 4. HP: 33/33 MP: 4/4
  1487 | D:3      | Found a hazy altar of Hepliaklqana.
  1871 | D:2      | Reached skill level 5 in Dodging
  1871 | D:2      | Reached XP level 5. HP: 21/38 MP: 5/5
  2098 | D:3      | Reached skill level 5 in Long Blades
  2328 | D:3      | Mangled by an orc wizard

Skill      XL: |  1  2  3  4  5 |
---------------+----------------+-----
Long Blades    | 4 5 |  5.0
Armour         | 1 |  1.6
Dodging        | 5 |  5.2
Fighting       | |  2.2
Throwing       | |  2.0

Action                   |  1- 3 |  4- 6 || total
-------------------------+-------+-------++-------
Melee: Long sword        |   102 |   123 ||   225
  Use: Potion            |       |     1 ||     1
  Eat: Chunk             |     1 |     4 ||     5
Armor: Ring mail         |    51 |    50 ||   101
Dodge: Dodged            |   102 |   132 ||   234
       Rpst.: Long sword |    25 |    32 ||    57
